 Dungeon Crawl Stone Soup version 0.26.0-7-g794d0892b4 (webtiles) character file.

Game seed: 123070115442770844

12815 trckry the Agnostic (level 11, -4/83 HPs)
             Began as a Demonspawn Wanderer on Jan 10, 2021.
             Slain by a komodo dragon (11 damage)
             ... on level 5 of the Lair of Beasts.
             The game lasted 00:29:58 (14684 turns).

trckry the Agnostic (Demonspawn Wanderer)          Turns: 14684, Time: 00:29:58

Health: -4/83      AC: 15    Str: 22    XL:     11   Next: 67%
Magic:  0/17       EV:  9    Int: 13    God:
Gold:   571        SH: 10    Dex: 13    Spells: 10/10 levels left

rFire    . . .     SeeInvis .   z - +0 morningstar
rCold    . . .     Faith    .   J - +0 kite shield
rNeg     . . .     Spirit   +   A - +0 chain mail
rPois    .         Reflect  .   (helmet unavailable)
rElec    .         Harm     .   G - scarf {+Inv}
rCorr    .         Rampage  .   y - +0 pair of gloves
Will     +....                  j - +0 pair of boots
Stlth    ..........             (no amulet)
HPRegen  0.23/turn              q - ring of willpower
MPRegen  0.15/turn              r - +6 ring of strength

@: no status effects
A: horns 3, thin metallic scales 2, spiny 1, magic shield
a: Evoke Invisibility


You were on level 5 of the Lair of Beasts.
You visited 2 branches of the dungeon, and saw 17 of its levels.

You collected 571 gold pieces.

Inventory:

Hand Weapons
 z - a +0 morningstar (weapon)
Missiles
 f - 147 poisoned darts (quivered)
 p - 5 boomerangs of dispersal
Armour
 j - a +0 pair of boots (worn)
 y - a +0 pair of gloves (worn)
 A - a +0 chain mail (worn)
 G - a scarf of invisibility (worn)
 J - a +0 kite shield (worn)
Jewellery
 q - a ring of willpower (left hand)
 r - a +6 ring of strength (right hand)
 C - an uncursed ring of flight
 K - an uncursed ring of stealth
Wands
 m - a wand of random effects (30)
 x - a wand of acid (18)
 H - a wand of paralysis (7)
 I - a wand of enslavement (10)
Scrolls
 b - a scroll of random uselessness {unknown}
 d - a scroll of acquirement {unknown}
 e - 2 scrolls of fog {unknown}
 h - 6 scrolls of remove curse {unknown}
 k - 4 scrolls of immolation {unknown}
 l - 6 scrolls of teleportation {unknown}
 o - 10 scrolls of identify {unknown}
 u - 4 scrolls of amnesia {unknown}
 w - 2 scrolls of fear {unknown}
 B - a scroll of blinking {unknown}
 E - 3 scrolls of magic mapping {unknown}
Potions
 a - a potion of resistance {unknown}
 c - 12 potions of curing
 g - a potion of magic {unknown}
 i - 3 potions of might {unknown}
 n - a potion of mutation {unknown}
 s - a potion of cancellation {unknown}
 t - 9 potions of ambrosia {unknown}
 v - 3 potions of heal wounds {unknown}
 D - 2 potions of brilliance {unknown}
 F - a potion of attraction {unknown}
 M - 2 potions of berserk rage {unknown}
Miscellaneous
 L - a lightning rod (4/4)


   Skills:
 + Level 6.7 Fighting
 - Level 1.7 Long Blades
 * Level 7.9(8.0) Maces & Flails
 - Level 1.7(5.3) Staves
 + Level 5.6 Throwing
 + Level 5.6 Armour
 + Level 5.5 Dodging
 - Level 3.6 Stealth
 + Level 5.7 Shields
 + Level 8.2 Invocations
 + Level 6.2 Evocations


You had 10 spell levels left.
You didn't know any spells.
Your spell library contained the following spells:

 Spells                   Type           Power        Failure   Level
 Pain                     Necr           0%           100%        1


Dungeon Overview and Level Annotations

Branches:
Dungeon (12/15)            Temple (0/1) D:4            Lair (5/6) D:8
 Spider (0/4) Lair:4          Orc (0/2) D:9
  Swamp: Lair:2-4    Shoals: Lair:2-4     Slime: Lair:5-6

Altars:
Dithmenos
Fedhas
Gozag
Hepliaklqana
Kikubaaqudgha
Makhleb
Nemelex Xobeh
Ru
Sif Muna
Trog
Vehumet
Xom
The Shining One

Shops:
D:7 [   D:9 [

Annotations:
D:6 Eustachio, Menkaure
D:11 2 runed translucent doors, GoodDemon3's ghost, journeyman MfDe


Innate Abilities, Weirdness & Mutations

You have a pair of large horns on your head.
You are mostly covered in thin metallic scales. (AC +3)
You are partially covered in sharp spines.
When hurt, damage is shared between your health and your magic reserves.


Message History

* * * LOW HITPOINT WARNING * * *
Your chain mail prevents you from hitting the komodo dragon.
You headbutt the komodo dragon.
The komodo dragon is severely wounded.
The komodo dragon is struck by your spines.
The komodo dragon bites you!
* * * LOW HITPOINT WARNING * * *
Okay, then.
Evoke which item? (* to show all) (? for menu, Esc to quit)
Aiming: Paralyse
Press: ? - help, Shift-Dir - straight line, f - komodo dragon
Aim: a komodo dragon (severely wounded, chance to affect: 47%)
Okay, then.
Evoke which item? (* to show all) (? for menu, Esc to quit)
Aiming: Paralyse
Press: ? - help, Shift-Dir - straight line, f - komodo dragon
Aim: a komodo dragon (severely wounded, chance to affect: 47%)
The komodo dragon resists with some effort.
The komodo dragon bites you!
You die...

............#
......#.....# .
..P.........#..
..P............
P..............
...............
...............
.......@.......
..P.P..lP......
..............#
P..............
#.#.#.#.#.#...P
...............
#.#.#.#.#.#....
...............


You could see a komodo dragon.

Vanquished Creatures
  A hydra (Lair:4)
  A two-headed ogre (D:11)
  An unseen horror (D:11)
  An ugly thing (D:11)
  A black mamba (Lair:4)
  A cane toad (Lair:1)
  A gargoyle (D:10)
  A rime drake (Lair:5)
  3 meliai (Lair:4)
  A queen bee (Lair:4)
  A troll (D:10)
  4 blink frogs (Lair:1)
  A wyvern (D:10)
  2 fire bats (Lair:1)
  8 yaks
  A water moccasin (Lair:4)
  5 orc warriors
  An ice beast (D:8)
  2 sky beasts
  4 phantoms
  3 necrophages (D:9)
  5 ogres
  3 centaurs
  3 big kobolds
  A gnoll sergeant (D:11)
  5 bullfrogs
  A water moccasin zombie (D:9)
  3 scorpions
  30 killer bees
  4 wights (D:11)
  A howler monkey (D:6)
  A centaur zombie (D:11)
  2 bullfrog skeletons
  8 hounds
  9 orc priests
  16 orc wizards
  An iguana (D:11)
  6 worker ants
  2 hound zombies (D:5)
  A hound skeleton (D:9)
  A howler monkey zombie (D:7)
  Robin (D:3)
  A worker ant zombie (D:11)
  7 gnolls
  6 adders
  3 white imps
  2 oozes
  2 ufetubi
  An adder zombie (D:2)
  2 worms (D:2)
  5 leopard geckos
  58 orcs
  A ball python (D:1)
  8 giant cockroaches
  18 goblins
  8 hobgoblins
  5 jackals
  20 kobolds
  7 quokkas
  6 bats
  11 frilled lizards
  A goblin skeleton (D:7)
  4 goblin zombies (D:7)
  4 hobgoblin zombies (D:7)
  An orc skeleton (D:7)
  An orc zombie (D:7)
  11 rats
341 creatures vanquished.

Vanquished Creatures (others)
  32 fungi
  25 plants
57 creatures vanquished.

Grand Total: 398 creatures vanquished

Notes
Turn   | Place    | Note
-------+----------+-------------------------------------------
     0 | D:1      | trckry the Demonspawn Wanderer began the quest for the Orb.
     0 | D:1      | trckry set off with the following items: a +2 falchion, a
                  | +0 quarterstaff, a potion of curing, a +0 robe, a +0 dagger
     0 | D:1      | Reached XP level 1. HP: 16/16 MP: 1/1
    85 | D:1      | Gained mutation: You are partially covered in thin metallic
                  | scales. (AC +2) [demonic ancestry]
    85 | D:1      | Reached XP level 2. HP: 22/22 MP: 2/2
   737 | D:2      | Reached skill level 1 in Invocations
   752 | D:2      | Reached XP level 3. HP: 27/27 MP: 3/3
   789 | D:2      | Found a shadowy altar of Dithmenos.
   879 | D:2      | Reached skill level 1 in Throwing
   880 | D:2      | Reached skill level 1 in Shields
  1067 | D:2      | Reached skill level 1 in Evocations
  1273 | D:2      | Found a shimmering altar of Xom.
  1918 | D:2      | Found an ancient bone altar of Kikubaaqudgha.
  1930 | D:2      | Gained mutation: You have a pair of small horns on your
                  | head. [demonic ancestry]
  1930 | D:2      | Reached XP level 4. HP: 34/34 MP: 5/5
  1932 | D:2      | Found a radiant altar of Vehumet.
  1933 | D:2      | Found a shimmering blue altar of Sif Muna.
  1938 | D:2      | Identified Kikubaaqudgha's Catalogue of Unholy Arts
  2366 | D:3      | Reached skill level 1 in Armour
  2473 | D:3      | Noticed Robin
  2488 | D:3      | Killed Robin
  2495 | D:3      | Reached skill level 2 in Invocations
  2759 | D:3      | Reached skill level 1 in Dodging
  3133 | D:2      | Gained mutation: You have a pair of horns on your head.
                  | [demonic ancestry]
  3133 | D:2      | Reached XP level 5. HP: 19/39 MP: 6/6
  3155 | D:2      | Noticed an ogre
  3974 | D:4      | Found a burning altar of Makhleb.
  4090 | D:4      | Noticed an ogre
  4141 | D:4      | Found a staircase to the Ecumenical Temple.
  4200 | D:4      | Killed an ogre
  4201 | D:4      | Reached skill level 1 in Maces & Flails
  4201 | D:4      | Gained mutation: When hurt, damage is shared between your
                  | health and your magic reserves. [demonic ancestry]
  4201 | D:4      | Reached XP level 6. HP: 47/47 MP: 7/7
  4370 | D:4      | Found a sacrificial altar of Ru.
  4644 | D:4      | Found a hazy altar of Hepliaklqana.
  4745 | D:4      | Found an opulent altar of Gozag.
  5021 | D:5      | Entered Level 5 of the Dungeon
  5032 | D:5      | Reached skill level 3 in Invocations
  5559 | D:5      | Gained mutation: You are partially covered in sharp spines.
                  | [demonic ancestry]
  5559 | D:5      | Reached XP level 7. HP: 45/52 MP: 9/9
  6063 | D:6      | Found a sparkling altar of Nemelex Xobeh.
  6591 | D:6      | Reached XP level 8. HP: 43/60 MP: 6/10
  6594 | D:6      | Reached skill level 4 in Invocations
  6748 | D:6      | Noticed Eustachio
  6748 | D:6      | Noticed Menkaure
  6775 | D:7      | Found a glowing golden altar of the Shining One.
  6865 | D:7      | Found Qalan's Armour Shop.
  7775 | D:8      | Found a blossoming altar of Fedhas.
  8023 | D:8      | Reached skill level 5 in Invocations
  8043 | D:8      | Gained mutation: You are mostly covered in thin metallic
                  | scales. (AC +3) [demonic ancestry]
  8043 | D:8      | Reached XP level 9. HP: 8/59 MP: 3/12
  8713 | D:8      | Found a sparkling altar of Nemelex Xobeh.
  8946 | D:8      | Found a staircase to the Lair.
  9010 | D:8      | Found a bloodstained altar of Trog.
  9248 | D:9      | Reached skill level 5 in Maces & Flails
  9278 | D:9      | Found Ifacluce's Antique Armour Shoppe.
  9560 | D:9      | Found a staircase to the Orcish Mines.
  9754 | D:9      | Reached skill level 5 in Fighting
 10260 | D:10     | Entered Level 10 of the Dungeon
 10282 | D:10     | Reached skill level 6 in Invocations
 10551 | D:10     | Noticed a troll
 10804 | D:10     | Killed a troll
 10805 | D:10     | Gained mutation: You have a pair of large horns on your
                  | head. [demonic ancestry]
 10805 | D:10     | Reached XP level 10. HP: 45/74 MP: 8/14
 11116 | D:10     | Noticed a gargoyle
 11135 | D:10     | Killed a gargoyle
 11577 | D:11     | Found a runed translucent door.
 11803 | D:11     | Reached skill level 5 in Evocations
 12194 | D:11     | Noticed a green ugly thing
 12210 | D:11     | Killed a green ugly thing
 12304 | D:11     | Noticed a deep troll earth mage
 12304 | D:11     | Noticed a phantasmal warrior
 12306 | D:11     | Noticed a necromancer
 12307 | D:11     | Noticed GoodDemon3's ghost (journeyman MfDe)
 12308 | D:11     | Noticed a lich
 12311 | D:11     | Found a runed translucent door.
 12325 | D:11     | Noticed a two-headed ogre
 12343 | D:11     | Killed a two-headed ogre
 12344 | D:11     | Reached skill level 7 in Invocations
 12359 | D:11     | Killed an unseen horror
 12360 | D:11     | Reached skill level 5 in Armour
 12360 | D:11     | Reached skill level 5 in Shields
 12365 | D:11     | Reached skill level 5 in Throwing
 12825 | D:12     | Noticed a boulder beetle
 12830 | D:12     | Noticed a green ugly thing
 13072 | Lair:1   | Entered Level 1 of the Lair of Beasts
 13072 | Lair:1   | Noticed a cane toad
 13089 | Lair:1   | Reached XP level 11. HP: 75/81 MP: 14/16
 13114 | Lair:1   | Reached skill level 5 in Dodging
 13565 | Lair:4   | HP: 8/82 [poisoned by a killer bee]
 13570 | Lair:4   | HP: 5/82 [poisoned by a killer bee]
 13575 | Lair:4   | HP: 3/82 [poisoned by a killer bee]
 13580 | Lair:4   | HP: 2/82 [poisoned by a killer bee]
 13585 | Lair:4   | HP: 1/82 [poisoned by a killer bee]
 13593 | Lair:4   | HP: 1/82 [poisoned by a killer bee]
 14298 | Lair:4   | Noticed a five-headed hydra
 14323 | Lair:4   | Killed a five-headed hydra
 14324 | Lair:4   | Reached skill level 8 in Invocations
 14573 | Lair:4   | Found a hole to the Spider Nest.
 14683 | Lair:5   | HP: 7/83 [komodo dragon (7)]
 14684 | Lair:5   | Slain by a komodo dragon

Illustrated notes

Levels and vault maps discovered:
D:1:      sevenhm_arrival_forest_fort_small_3, layout_loops_ring
D:2:      layout_loops_corners, grunt_temple_overflow_magic_moments,
          grunt_dithmenos_smoke_and_mirrors, lemuel_crystal_altar
D:3:      layout_loops_corners, minmay_lizard_king, uniq_robin
D:4:      layout_loops_ring, kennysheep_little_box,
          nicolae_ru_sacrificial_ziggurat, nzn_hepliaklqana_mist_gate,
          overflow_temple_1_default, temple_hall, serial_glass, glass_columns_c,
          glass_columns_a, glass_columns_c, glass_columns_a, glass_columns_b,
          glass_columns_a
D:5:      layout_layer_cave
D:6:      layout_basic, nemelex_xobeh_ov_fountains_minmay, uniq_eustachio,
          uniq_menkaure
D:7:      layout_gridville, nicolae_tso_besieged_by_evil, serial_shops,
          shop_fountains
D:8:      layout_basic, lightli_temple_of_fire, old_standard_altar,
          lair_entry_dummy, nemelex_spade_bored_becter
D:9:      layout_basic, david_orc_2, serial_shops,
          nicolae_shop_overgrown_old_shop
D:10:     layout_rooms, minmay_door_square, minivault_5
D:11:     layout_basic, muffindrake_ghost_dual_entry
D:12:     layout_rooms, kennysheep_generic_room_3
Lair:1:   layout_chaotic_city, minmay_lair_oklob_chamber, uniq_urug
Lair:2:   layout_cellular_growth, disabler_island, uniq_gastronok
Lair:3:   cheibrodos_lair_overgrown_chateau, layout_regular_city,
          minmay_shoals_entry_hut, basic_altar
Lair:4:   layout_loops_ring, dummy_spider_entry, special_room [special_room_bee]
Lair:5:   layout_long_grid, st_stairs_10

Skill      XL: |  1  2  3  4  5  6  7  8  9 10 11 |
---------------+----------------------------------+-----
Invocations    | 1 2 3 5 6 7 8 |  8.2
Throwing       | 1 2 3 4 5 |  5.6
Shields        | 1 2 3 4 5 |  5.7
Evocations     | 1 2 3 4 5 6 |  6.2
Armour         | 1 2 3 4 5 |  5.6
Dodging        | 1 2 3 4 5 |  5.5
Fighting       | 3 4 5 6 |  6.7
Maces & Flails | 1 2 3 4 5 7 |  7.9
Long Blades    | |  1.7
Staves         | |  1.7
Stealth        | |  3.6

Action                   |  1- 3 |  4- 6 |  7- 9 | 10-12 || total
-------------------------+-------+-------+-------+-------++-------
Melee: Falchion          |    93 |   174 |    17 |       ||   284
       Headbutt          |       |    29 |    46 |    63 ||   138
       Morningstar       |       |       |   252 |   313 ||   565
Throw: Dart              |     1 |     8 |    17 |       ||    26
Evoke: Wand              |       |       |     2 |     2 ||     4
 Stab: Sleeping          |     6 |     8 |       |       ||    14
Armor: Robe              |    23 |    46 |     7 |       ||    76
       Chain mail        |       |       |   161 |   198 ||   359
Dodge: Dodged            |    52 |   122 |   162 |   116 ||   452
Block: Kite shield       |       |       |       |   136 ||   136
       Rpst.: Falchion   |    11 |    32 |     2 |       ||    45
